Cogmind - Beta 16 @@@ ROGUE MODE // 2025.12.29 @ 16:38:55 Player: BlobtheGreat Result: Destroyed by EN-8I7(R) with Subdweller Machine Gun Performance ------------- Evolutions (0) 0 Regions Visited (2) 400 Robots Destroyed (36) 180 Value Destroyed (805) 805 Prototype IDs (0) 0 Alien Tech Used (0) 0 Bonus (0) 0 TOTAL SCORE: 1385 Bonus ------- None Cogmind --------- Core Integrity 0/250 Matter 152/300 Energy 99/100 System Corruption 0% Temperature Cool (0) Movement Treading (240) Ox1 Location -10/Subcaves Parts ------- > --- POWER (1) -------- (None) > --- PROPULSION (2) --- Light Treads Light Treads > --- UTILITY (2) ------ High-capacity Storage Unit Light Armor Plating > --- WEAPON (2) ------- Subdweller Machine Gun > --- INVENTORY (20) --- Light Treads Light Treads Light Treads Light Treads Light Treads Light Treads Medium Storage Unit Large Storage Unit Large Matter Pod (16) High-capacity Matter Pod (0) High-capacity Matter Pod (0) Seismic Detector Medium Laser Grenade Launcher Grenade Launcher Grenade Launcher Grenade Launcher Peak State ------------ > --- POWER ------------ Ion Engine > --- PROPULSION ------- Light Treads Light Treads > --- UTILITY ---------- Medium Storage Unit Seismic Detector > --- WEAPON ----------- Medium Laser Assault Rifle > --- INVENTORY -------- Ion Engine Light Treads Light Treads Light Treads Aluminum Leg Aluminum Leg Wheel Compact Wheel Seismic Detector Medium Laser [Rating: 8] Favorites ----------- Power Ion Engine Engine Ion Engine Propulsion Light Treads Treads Light Treads Utility High-capacity Storage Unit Device Seismic Detector Storage High-capacity Storage Unit Protection Light Armor Plating Weapon Medium Laser Energy Gun Medium Laser Ballistic Gun Assault Rifle Ballistic Cannon Light Cannon Launcher Grenade Launcher Build | -11 -10 -10 ------- Run | Yrd Mat Sub Slots Evolved . | . . . Power . | . . . Propulsion . | . . . Utility . | . . . Weapon . | . . . Parts Attached 16 | 7 3 6 Power 3 | 1 1 1 Engine 3 | 1 1 1 Core . | . . . Reactor . | . . . Propulsion 3 | 2 . 1 Treads 3 | 2 . 1 Leg . | . . . Wheel . | . . . Hover . | . . . Flight . | . . . Utility 5 | 2 2 1 Device 1 | 1 . . Storage 3 | 1 2 . Processor . | . . . Hackware . | . . . Protection 1 | . . 1 Artifact . | . . . Weapon 5 | 2 . 3 Energy Gun 1 | 1 . . Energy Cannon . | . . . Ballistic Gun 2 | 1 . 1 Ballistic Cannon 1 | . . 1 Launcher 1 | . . 1 Special Weapon . | . . . Impact Weapon . | . . . Slashing Weapon . | . . . Piercing Weapon . | . . . Special Melee Weapon . | . . . Unidentified Prototypes . | . . . Parts Lost 8 | . 2 6 Power 3 | . 1 2 Propulsion 1 | . . 1 Utility 1 | . 1 . Weapon 3 | . . 3 Highest Loss Streak 4 | . 2 4 To Critical Strikes . | . . . Average Backups 12 | 4 12 18 Power . | . . . Propulsion 5 | 3 5 6 Utility 2 | . 2 6 Weapon 3 | . 3 5 Tool/Special . | . . . Unused Backups 18 | . 4 14 Power . | . . . Propulsion 10 | . 4 6 Utility 5 | . . 5 Weapon 3 | . . 3 Tool/Special . | . . . Average Slot Usage (%) 90 | . 93 79 Engine 12 | . 13 8 Treads 27 | . 27 27 Device 6 | . 8 . Storage 14 | . 14 14 Energy Gun 12 | . 14 7 Ballistic Gun 12 | . 14 6 Ballistic Cannon 2 | . . 10 Peak Build Rating 8 | 7 8 8 Average Rating 7 | 6 7 7 On Entrance 5 | . 7 8 Avg Prop Armor Cover (%) . | . . . Naked Turns . | . . . Heaviest Build 50 | 15 50 50 Greatest Support 40 | 40 40 40 Greatest Overweight (x) 1 | . 1 1 Average Overweight (x) . | . . 1 Largest Inventory Capacity 20 | 8 20 20 Average Capacity 16 | 7 16 20 Most Carried 20 | 7 20 20 Average Carried 12 | 4 12 18 Final Capacity 20 | 8 20 20 Final Carried 20 | 7 20 17 Class Distribution -------------------- 100% | Mutant Dominant Class ---------------- Mutant | -10/Materials Mutant | -10/Subcaves Resources | -11 -10 -10 ----------- Run | Yrd Mat Sub Matter Collected 605 | 339 179 87 Remotely . | . . . Salvage Created 1142 | 202 756 184 Parts 74 | 18 39 17 Haulers Intercepted 2 | . 2 . Recyclers Shooed 2 | . 2 . Parts Field Recycled . | . . . Retrieved Matter . | . . . Parts Self-Destructed 7 | . . 7 Prevented . | . . . Parts Restored . | . . . Kills | -11 -10 -10 ------- Run | Yrd Mat Sub Combat Hostiles Destroyed 24 | . 14 10 Guns 17 | . 14 3 Cannons 4 | . . 4 AOE 3 | . . 3 Classes Destroyed 7 | 3 3 1 Worker 1 | 1 . . Tunneler 6 | 6 . . Hauler 2 | . 2 . Recycler 3 | 1 2 . Swarmer 6 | . 3 3 Grunt 11 | . 11 . Subdweller 7 | . . 7 Best Kill Streak 4 | 4 4 4 Combat Bots Only 4 | . 4 4 Max Kills in Single Turn 2 | 1 1 2 Gunslinging . | . . . Exploded 2 | . . 2 Melee . | . . . Uniques/NPCs Destroyed . | . . . Combat | -11 -10 -10 -------- Run | Yrd Mat Sub Hostile Shots Fired 110 | . 59 51 Missed 33 | . 22 11 Hits 77 | . 37 40 Projectile 77 | . 37 40 AOE 4 | . . 4 Critical Strikes 2 | . . 2 Damage Taken 1278 | . 420 858 Core 265 | . 45 220 Absorbed by Shields . | . . . Regen/Repaired (Parts) 103 | . 103 . Core Remaining (%) 100 | 100 . . Volleys Fired 107 | 23 53 31 Largest 2 | 2 2 2 Hottest 70 | 70 70 70 Shots Fired 197 | 46 106 45 Gun 174 | 46 106 22 Cannon 19 | . . 19 Launcher 4 | . . 4 Special . | . . . Kinetic 112 | 23 53 36 Thermal 81 | 23 53 5 Explosive 4 | . . 4 Electromagnetic . | . . . Robot Hit Streak 13 | 7 11 13 Robot Miss Streak 3 | 3 2 1 Penetration Max . | . . . Secondary Targets 1 | . . 1 Max Gunslinging Chain 1 | . . 1 Shots Hit Robots 133 | 26 77 30 Core Hits 60 | 9 37 14 Critical Kills . | . . . Critical Parts Destroyed . | . . . Critical Strikes 7 | 3 2 2 Burn 6 | 3 2 1 Blast 1 | . . 1 Melee Attacks . | . . . Impact . | . . . Slashing . | . . . Piercing . | . . . Sneak Attacks . | . . . Combat Hostiles . | . . . Follow-up Attacks . | . . . Damage Inflicted 2159 | 335 1018 806 Guns 1518 | 335 992 191 Cannons 293 | . . 293 Explosions 322 | . . 322 Melee . | . . . Ramming 26 | . 26 . Kinetic 1058 | 150 464 444 Thermal 753 | 185 528 40 Explosive 322 | . . 322 Electromagnetic . | . . . Impact . | . . . Slashing . | . . . Piercing . | . . . Highest Corruption . | . . . Average Corruption . | . . . Corruption Purged . | . . . Corruption Blocked . | . . . Overload Shots . | . . . Overflow Damage . | . . . Projectiles . | . . . Explosions . | . . . Melee . | . . . Knockbacks 6 | . 1 5 Impact 1 | . 1 . Kinetic 5 | . . 5 Secondary . | . . . Self-Inflicted Damage . | . . . Shots . | . . . Rammed 5 | . 5 . Targets Rammed 5 | . 5 . Kicked . | . . . Crushed . | . . . Highest Temperature 153 | 108 153 . Average Temperature 39 | 37 40 . Received Heat Transfer 249 | . 201 48 Siege Activations . | . . . Martial Activations . | . . . Shielding Activations . | . . . Robots Disrupted . | . . . Combat Hostiles . | . . . Robots Corrupted . | . . . Combat Hostiles . | . . . Parts Fried . | . . . Impact Corruptions . | . . . Robots Melted . | . . . Combat Hostiles . | . . . Parts Melted 3 | . 2 1 Heat Transferred 2627 | 777 1665 185 Parts Sabotaged . | . . . Parts Stolen . | . . . Parts Stripped . | . . . Power Chain Reactions . | . . . Alert | -11 -10 -10 ------- Run | Yrd Mat Sub Maximum Alert Level . | . . . Low Security (%) 100 | 100 100 . Level 1 . | . . . Level 2 . | . . . Level 3 . | . . . Level 4 . | . . . Level 5 . | . . . High Security . | . . . Max Security . | . . . Peak Influence 88 | 15 88 . Initial . | . . . Average 20 | 1 23 . Influence Increases 495 | 40 385 70 Destroy 0b10 Robot/C 340 | . 280 60 Destroy 0b10 Robot/NC 60 | 40 20 . Destroy Leader 74 | . 64 10 Successful Hack 20 | . 20 . Destroy Structure 1 | . 1 . Influence Decreases 495 | 40 385 70 Time Decay 475 | 40 365 70 Lost Part 20 | . 20 . Squads Dispatched 3 | . 3 . Investigation 1 | . 1 . Extermination . | . . . Reinforcement 2 | . 2 . Assault . | . . . Garrison . | . . . Intercept . | . . . Searches Triggered . | . . . Construction Impeded . | . . . Haulers Reinforced . | . . . Active Scanning Responses . | . . . Cargo Convoy Interrupts . | . . . Stealth | -11 -10 -10 --------- Run | Yrd Mat Sub Distress Signals 1 | . 1 . Communications Jammed . | . . . Distress Signals . | . . . Times Spotted 36 | . 25 11 Peak Tracking Total 4 | . 4 4 Tactical Retreats . | . . . Traps | -11 -10 -10 ------- Run | Yrd Mat Sub Traps Triggered 1 | . 1 . Indirectly . | . . . Trap Hack Attempts . | . . . Triggered . | . . . Disarmed . | . . . Reprogrammed . | . . . Reused . | . . . Traps Extracted . | . . . Installed . | . . . Triggered . | . . . Machines | -11 -10 -10 ---------- Run | Yrd Mat Sub Machines Disabled . | . . . Max in Single Turn . | . . . Machines Repaired . | . . . Machines Dismantled . | . . . Machines Sabotaged . | . . . Overloaded Fab Kills . | . . . Hacking | -11 -10 -10 --------- Run | Yrd Mat Sub Machines Accessed 7 | . 7 . Terminals 5 | . 5 . Fabricators . | . . . Repair Stations 1 | . 1 . Recycling Units 1 | . 1 . Scanalyzers . | . . . Garrison Access . | . . . Total Hacks 20 | . 20 . Successful 11 | . 11 . Failed 9 | . 9 . Catastrophic . | . . . Database Lockouts . | . . . Manual 16 | . 16 . Terminals 17 | . 17 . Fabricators . | . . . Repair Stations 2 | . 2 . Recycling Units 1 | . 1 . Scanalyzers . | . . . Garrison Access . | . . . Terminal Hacks 2 | . 2 . Robot Analysis 2 | . 2 . Fabricator Hacks . | . . . Repair Station Hacks 2 | . 2 . Scan Component 1 | . 1 . Repair 1 | . 1 . Recycling Unit Hacks 1 | . 1 . Retrieve Components 1 | . 1 . Scanalyzer . | . . . Garrison Access Hacks . | . . . Unauthorized Hacks 6 | . 6 . Terminals 6 | . 6 . Botnet 1 | . 1 . Skim 5 | . 5 . Fabricators . | . . . Repair Stations . | . . . Recycling Units . | . . . Scanalyzers . | . . . Garrison Access . | . . . Data Cores Recovered . | . . . Used . | . . . Hacking Detections 6 | . 6 . Full Trace Events . | . . . Feedback Events . | . . . Feedback Blocked . | . . . Robot Schematics Acquired . | . . . Robots Built . | . . . Authchips . | . . . Time . | . . . Total Robot Build Rating . | . . . Part Schematics Acquired . | . . . Parts Built . | . . . Authchips . | . . . Time . | . . . Total Part Build Rating . | . . . Part Studies Acquired . | . . . Parts Repaired 1 | . 1 . Time 26 | . 26 . Parts Recycled . | . . . Recycled Matter . | . . . Retrieved Matter . | . . . Retrieved Components 9 | . 9 . Parts Scanalyzed . | . . . Part Schematics Acquired . | . . . Parts Damaged . | . . . Bothacking | -11 -10 -10 ------------ Run | Yrd Mat Sub Used RIF Installer . | . . . Robots Hacked . | . . . Non-combat . | . . . Combat . | . . . Robot Hacks Applied . | . . . Relay Couplers Released . | . . . Fabnet Peak Effective % . | . . . Robots Rewired . | . . . Allies Hacked . | . . . Hacks Repelled . | . . . Allies | -11 -10 -10 -------- Run | Yrd Mat Sub Total Allies . | . . . Largest Group . | . . . Highest-Rated Group . | . . . Highest-Rated Ally . | . . . Total Orders . | . . . Ally Attacks . | . . . Total Damage . | . . . Kills . | . . . Allies Corrupted . | . . . Allies Melted . | . . . Intel | -11 -10 -10 ------- Run | Yrd Mat Sub Active Infowar (turns) 1099 | 134 965 . Seismic 1099 | 134 965 . Robot Analysis Total 2 | . 2 . Derelict Logs Recovered . | . . . Drone Launches . | . . . Drone Recoveries . | . . . Exploration | -11 -10 -10 ------------- Run | Yrd Mat Sub Turns Passed 2286 | 292 1610 384 Spaces Moved 778 | 131 527 120 Core 3 | 3 . . Treads 775 | 128 527 120 Legs . | . . . Wheels . | . . . Hover . | . . . Flight . | . . . Fastest Speed 50 | 50 160 240 Average Speed 209 | 157 215 240 Slowest Speed 240 | 160 240 240 Overloaded Moves . | . . . Propulsion Burnouts . | . . . Robots Hopped . | . . . Potential Cave-ins . | . . . Cave-ins Triggered . | . . . Exploration Rate (%) 36 | 8 92 10 Regions Visited 2 Branch Regions 1 Pre-discovered Areas 1 | . 1 . Known Exits Taken 1 | . 1 . Unknown Exits Taken 1 | 1 . . Scrap Searched . | . . . Spaces Dug . | . . . Terrain Destroyed 32 | . . 32 Melee . | . . . Projectile 1 | . . 1 AOE 31 | . . 31 Terrain Rammed . | . . . Walls Destroyed . | . . . Machines Disabled . | . . . Actions | -11 -10 -10 --------- Run | Yrd Mat Sub Total 1229 | 167 892 170 Wait 291 | . 280 11 Move 776 | 130 526 120 Hop . | . . . Pick Up 25 | 7 18 . Fast Attach 10 | 7 1 2 Attach 4 | . 1 3 Detach . | . . . Swap 5 | . 2 3 Drop 6 | . 6 . Fire 107 | 23 53 31 Melee . | . . . Ram . | . . . Kick . | . . . Crush 5 | . 5 . Escape Stasis . | . . . Rewire . | . . . Trap . | . . . Miscellaneous . | . . . Route ------- -11/Scrapyard -10/Materials (discovered 6 exits: *Mat x3 / *Min x2 / *Sub) -10/Subcaves (discovered 1 exit: Rec) History --------- Turn | Location | Event 4 | -11/Scrapyard | Discovered new exit (range 15) 293 | -11/Scrapyard | Entered Materials 313 | -10/Materials | Build established: Mutant 713 | -10/Materials | Discovered new exit (range 6) 860 | -10/Materials | Discovered new exit (range 12) 986 | -10/Materials | Discovered new exit (range 9) 1398 | -10/Materials | Discovered new exit (range 16) 1464 | -10/Materials | Learned 4 Subcaves zone layouts 1478 | -10/Materials | Learned Storage terminal intel 1479 | -10/Materials | Identified exit to Mines 1480 | -10/Materials | Identified exit to Materials 1480 | -10/Materials | Identified exit to Subcaves 1482 | -10/Materials | Learned Storage emergency access door positions 1501 | -10/Materials | Repaired Lgt. Treads 1639 | -10/Materials | Discovered exit to Materials (range 10) 1903 | -10/Materials | Entered Subcaves 1904 | -10/Subcaves | Identified exit to Recycling 2102 | -10/Subcaves | Ambushed by Subdweller buried in earth 2122 | -10/Subcaves | Core integrity fell below 50% 2136 | -10/Subcaves | Ambushed by Subdweller buried in earth 2136 | -10/Subcaves | Ambushed by Subdweller buried in earth 2148 | -10/Subcaves | Core integrity fell below 20% 2164 | -10/Subcaves | Ambushed by Subdweller buried in earth 2199 | -10/Subcaves | Lost 4 parts (2p1n1w) 2277 | -10/Subcaves | A swath of the cavern ceiling suddenly collapsed 2287 | -10/Subcaves | Destroyed by EN-8I7(R) with Subdweller Machine Gun Last Messages --------------- 02170_ S4-8WD(R) Sub. Power Source blasted off. 02170_ S4-8WD(R) knocked back. 02172_ S4-8WD(R) destroyed. 02184_ The unstable cave ceiling collapses. 02185_ Subatomizers dissect the Sub. Power Source. 02186_ Acquired Lgt. Armor Plating. 02213_ Subatomizers dissect the Sub. Power Source. 02214_ Acquired Sub. Machine Gun. 02215_ Acquired 25 matter. 02240_ Subatomizers dissect the Sub. Power Source. 02249_ Acquired 21 matter. 02254_ Subatomizers dissect the Sub. Power Source. 02275_ Lgt. Cannon destroyed. 02277_ EN-8I7(R) crushed by falling debris. A swath of the cavern ceiling suddenly collapses. Map ----- +----------------------------------------------------+ | ?????????????????????????????????????????????????? | | ?????????????????????????????????????????????????? | | ?????????????????????????????????????????????????? | | ?????????????????????????????????????????????????? | | ?????????????????????????????????????????????????? | | ?????????????????????????????????????????????????? | | ?????????????????????????????????????????????????? | | ?????????????????????????????????????????????????? | | ?????????????????????????????????????????????????? | | ?????????????????????????????????????????????????? | | ######???????????????????????????????????????????? | | # ##??????????????????????????????????????????? | | #??????????????????????????????????????????? | | #??????????????????????????????????????????? | | ##?????????????????????????????????????????? | | #?????????????????????????????????????????? | | ## ##????????????????????????????????????????? | | ?## #????????????????????????????????????????? | | ?## #????????????????????????????????????????? | | ## #?#######????????????????????????????????? | | "# ###### # ##???????????????????????????????? | | " &#= #????????##?????????????????????? | | " # # *#####????# ##????????????????????? | | # ! #####"" #????????????????????? | | & * ! ! #;####????????????????????? | | ! ### ##@R# #???????????????????? | | & %[ % ##?##### #;;# ???????????????? | | # # ###??????##; "# ????????????? | | ########??????????# "" ??????????? | | ##?????????????????? " ???????????? | | ####???????????????????? "# ???????????? | | #####???????????????????????####### #???????????? | | ???????????????????????????????????? ????????????? | | ?????????????????????????????????????????????????? | | ?????????????????????????????????????????????????? | | ?????????????????????????????????????????????????? | | ?????????????????????????????????????????????????? | | ?????????????????????????????????????????????????? | | ?????????????????????????????????????????????????? | | ?????????????????????????????????????????????????? | | ?????????????????????????????????????????????????? | | ?????????????????????????????????????????????????? | | ?????????????????????????????????????????????????? | | ?????????????????????????????????????????????????? | | ?????????????????????????????????????????????????? | | ??????????????????????????????????>??????????????? | | ?????????????????????????????????????????????????? | | ?????????????????????????????????????????????????? | | ?????????????????????????????????????????????????? | | ?????????????????????????????????????????????????? | +----------------------------------------------------+ Best States ------------- Heat Dissipation 25 Energy Generation 10 Energy Capacity 250 Matter Stores 300 Matter Capacity 300 Sight Range 16 Terrain Scan Density 10 Armor Coverage 150 Evasion (%) 40 Recoil Reduction 2 Item Schematics ----------------- None Robot Schematics ------------------ None Fabricated ------------ Nothing Repaired ---------- Lgt. Treads | 26% | -10/Materials Studied --------- None Alien Tech Used ----------------- None Achievements -------------- None Challenges ------------ None Game ------ Seed ArmoredMediumSword Manual? 0 Play Time 00:09:27 Cumulative 238.2 hours Start 2025.12.29 @ 16:03:00 End 2025.12.29 @ 16:38:55 Sessions 2 Manual Loads 0 Difficulty Rogue Special Mode None Game No. 221 Rogue 221 Adventurer 0 Explorer 0 Win Type - Total 11 Types 8/0/2/0/0/0/0/0/0/1 Lore% 87 Gallery% 77 Achievement% 60 Wizard Run 0 Options --------- Layout 1 ASCII 0 Keyboard 1 Movement Arrows Keybinds 0 Fullscreen 1 Font 24/Smallcaps Map View 50x40 Zoom Use 0% Tactical HUD 1 Map Filters NONE Filters NONE Steam 1 RUN: c2b0486c-bc93-4a5c-8a49-c66f726358e5